 Dungeon Crawl Stone Soup version 0.19-a0-1311-gdcfd90a (webtiles) character file.

483 IcyTea the Slasher (level 6, -1/44 HPs)
             Began as a Demonspawn Warper on Aug 31, 2016.
             Slain by a gnoll
             ... wielding a +0 spear
              (11 damage)
             ... on level 4 of the Dungeon.
             The game lasted 00:15:17 (3387 turns).

IcyTea the Slasher (Demonspawn Warper)              Turns: 3387, Time: 00:15:17

Health: -1/44      AC: 10    Str: 11    XL:     6   Next: 88%
Magic:  9/9        EV: 11    Int: 17    God:
Gold:   186        SH:  0    Dex: 12    Spells: 4 memorised, 1 level left

rFire  . . .     SeeInvis .     a - +1 falchion
rCold  + + .     Gourm    .     b - +0 leather armour
rNeg   . . .     Faith    .     (no shield)
rPois  .         Spirit   .     (no helmet)
rElec  .         Dismiss  .     m - +0 cloak
rCorr  .         Reflect  .     j - +0 pair of gloves
MR     .....     Harm     .     (no boots)
Stlth  +.........               (no amulet)
                                n - +5 ring of protection
                                p - ring of protection from cold

@: no status effects
A: talons 2, cold resistance 1, powered by death 2
a: no special abilities


You were on level 4 of the Dungeon.
You were not hungry.

You visited 1 branch of the dungeon, and saw 4 of its levels.
You also visited: Sewer.

You collected 186 gold pieces.

Inventory:

Hand Weapons
 a - a +1 falchion (weapon)
 q - a cursed -1 short sword
Missiles
 e - 5 tomahawks of dispersal (quivered)
Armour
 b - a +0 leather armour (worn)
 j - a +0 pair of gloves (worn)
 m - a +0 cloak (worn)
Jewellery
 n - a +5 ring of protection (right hand)
 p - a ring of protection from cold (left hand)
Scrolls
 d - 3 scrolls of blinking
 g - 4 scrolls of magic mapping
 i - 2 scrolls of teleportation
 r - a scroll of identify
 s - 2 scrolls of fog
 w - a scroll of recharging
Potions
 h - a potion of haste
 k - 8 potions of curing
 l - a potion of heal wounds
 t - a potion of magic
 v - a potion of brilliance
 x - a potion of invisibility {unknown}
 z - a potion of experience {unknown}
Books
 c - a book of Spatial Translocations

   Spells                             Type                      Level
   a - Apportation                    Translocation                1
   b - Blink                          Translocation                2
   c - Shroud of Golubria             Charms/Translocation         2
   d - Portal Projectile              Translocation                3
   e - Teleport Other                 Translocation                3
   f - Passage of Golubria            Translocation                4
Comestibles
 f - 3 bread rations
 o - 3 fruits
 u - a meat ration
 A - 2 chunks of flesh
 B - a royal jelly


   Skills:
 - Level 2.0 Fighting
 + Level 6.8 Long Blades
 - Level 0.8 Throwing
 - Level 0.8 Armour
 - Level 1.7 Dodging
 - Level 2.0 Spellcasting
 - Level 2.6 Translocations


You had one spell level left.
You knew the following spells:

 Your Spells              Type           Power        Failure   Level  Hunger
a - Apportation           Tloc           ##........   10%         1    #......
b - Blink                 Tloc           N/A          14%         2    ###....
c - Shroud of Golubria    Chrm/Tloc      #.........   24%         2    ###....
d - Teleport Other        Tloc           ##......     28%         3    ###....


Dungeon Overview and Level Annotations

Branches:
Dungeon (4/15)
 Temple: D:4-7

Altars:
Cheibriados
Makhleb

Annotations:
D:4 IcyTea's ghost, amateur DsSk


Innate Abilities, Weirdness & Mutations

You have razor-sharp toenails.
Your flesh is cold resistant. (rC+)
You regenerate health from kills.


Message History

The gnoll is moderately wounded.
Things that are here:
an uncursed hunting sling; 8 stones; a goblin corpse You barely miss the gnoll.
You claw the gnoll, but do no damage.
The gnoll is moderately wounded.
The gnoll completely misses you.
You hit the gnoll. Your kick misses the gnoll.
The gnoll is heavily wounded.
The gnoll hits you with a spear!
* * * LOW HITPOINT WARNING * * *
You hit the gnoll but do no damage. You claw the gnoll, but do no damage.
The gnoll is heavily wounded.
The gnoll barely misses you.
You hit the gnoll but do no damage. You claw the gnoll, but do no damage.
The gnoll is heavily wounded.
The gnoll hits you but does no damage.
You barely miss the gnoll.
The gnoll is heavily wounded.
The gnoll hits you with a spear!
You die...

#.#.####g# #.#.#
#.# #.
#.#.####g###.#
#....W.......##
#####
#..#########.##.
#...# [.....8.8.8g8
#.##.#####...######
............g
#.#...............#
...#.......gg
#.####..........#.#
#..#.........
#.@gg'..........'..
#. #.....ggg.
#.####..........#.#
# #......(.. #.#
#..........#.#
#..8.8.8.8 #.#
#..........#.#
#######.#
#..........#.#
#.......#
#..........#.#
#.#######
#..........#.# #
#.# ###+########.#
#...####.#######..


You could see 2 gnolls.

Vanquished Creatures
  2 giant frogs (Sewer)
  The ghost of Vesto the Grave Robber, a weakling DENe (D:3)
  A hound (D:2)
  Ijyb (D:3)
  2 gnolls (D:4)
  4 river rats (Sewer)
  10 adders
  2 oozes (Sewer)
  3 worms
  A dart slug (D:1)
  6 giant geckos
  An orc (D:3)
  4 giant cockroaches (D:3)
  5 hobgoblins
  11 ball pythons (Sewer)
  12 bats
  2 giant newts
  9 goblins
  7 kobolds
  34 rats
118 creatures vanquished.

Notes
Turn   | Place    | Note
-------+----------+-------------------------------------------
     0 | D:1      | IcyTea the Demonspawn Warper began the quest for the Orb.
     0 | D:1      | Reached XP level 1. HP: 16/16 MP: 3/3
    48 | D:1      | Reached skill level 2 in Long Blades
   275 | D:1      | Gained mutation: You have sharp toenails. [demonic ancestry]
   275 | D:1      | Reached XP level 2. HP: 9/22 MP: 5/5
  1109 | D:2      | Reached skill level 3 in Long Blades
  1357 | D:2      | Gained mutation: You regenerate a little health from kills. [demonic ancestry]
  1357 | D:2      | Reached XP level 3. HP: 19/27 MP: 6/6
  1606 | D:2      | Found a snail-covered altar of Cheibriados.
  1639 | D:2      | Found a burning altar of Makhleb.
  1703 | D:2      | Gained mutation: You regenerate health from kills. [demonic ancestry]
  1703 | D:2      | Reached XP level 4. HP: 30/33 MP: 7/7
  1707 | D:2      | Learned a level 2 spell: Blink
  1710 | D:2      | Learned a level 2 spell: Shroud of Golubria
  1743 | D:2      | Reached skill level 4 in Long Blades
  2012 | D:3      | Noticed Ijyb
  2023 | D:3      | Killed Ijyb
  2096 | D:3      | Found a glowing drain.
  2120 | Sewer    | Entered a sewer
  2175 | Sewer    | Gained mutation: Your flesh is cold resistant. (rC+) [demonic ancestry]
  2175 | Sewer    | Reached XP level 5. HP: 38/38 MP: 8/8
  2180 | Sewer    | Learned a level 3 spell: Teleport Other
  2266 | Sewer    | Reached skill level 5 in Long Blades
  2489 | Sewer    | Gained mutation: You have razor-sharp toenails. [demonic ancestry]
  2489 | Sewer    | Reached XP level 6. HP: 36/44 MP: 2/9
  2506 | Sewer    | Reached skill level 6 in Long Blades
  2724 | D:3      | Noticed Vesto's ghost (weakling DENe)
  2740 | D:3      | Killed Vesto's ghost
  3204 | D:4      | Noticed IcyTea's ghost (amateur DsSk)
  3387 | D:4      | Slain by a gnoll

Vault maps used:
D:1:      minmay_arrival_checkered_box
D:2:      makhleb_blood_cavern_becter, old_standard_altar, first_bread,
          minmay_bisected
D:3:      portal_sewer_entry_f, uniq_iyjb
D:4:      kennysheep_the_goblin_king, uniq_edmund, uniq_duvessa
Sewer:    sewer_minmay_w

Skill      XL: |  1  2  3  4  5  6 |
---------------+-------------------+-----
Long Blades    | 2 3 4 5 6 |  6.8
Fighting       | |  2.0
Throwing       | |  0.8
Armour         | |  0.8
Dodging        | |  1.7
Spellcasting   | |  2.0
Translocations | |  2.6

Action                   |  1- 3 |  4- 6 || total
-------------------------+-------+-------++-------
Melee: Falchion          |   123 |   399 ||   522
       Kick              |    11 |    74 ||    85
 Cast: Blink             |       |    10 ||    10
       Shroud of Golubri |       |     1 ||     1
  Use: Potion            |     4 |     3 ||     7
       Scroll            |     3 |     4 ||     7
  Eat: Chunk             |     3 |     7 ||    10
Armor: Leather armour    |    25 |   182 ||   207
Dodge: Dodged            |    57 |   212 ||   269
